Map: Astillero orbital

Players

Xandros

  • Race: Zerg Zerg

RAFFAL - Winner!

  • Race: Zerg Zerg

VOD

Have the link to the VOD?

Description

Time

  • Played on: Nov. 20, 2015, 11:04 a.m.
  • Length: 8:58
Show
View Real Time Build Order
Export as new Build Order

Xandros Zerg 

Build Orders: Pool First 

Get SALT Encoding   

  12  0:02  Drone  
  13  0:08  Drone  
  14  0:18  Overlord  
  14  0:37  Drone, Spawning Pool  
  14  0:41  Drone  
  15  0:45  Drone  
  16  0:53  Drone  
  16  0:54  Extractor  
  16  0:59  Drone  
  17  1:10  Drone  
  18  1:23  Queen  
  20  1:38  Hatchery  
  19  1:44  Zergling x2  
  19  1:45  Zergling x2  
  21  1:48  Spine Crawler  
  20  1:55  Zergling x2  
  20  1:57  Drone  
  22  2:08  Metabolic Boost  
  22  2:40  Extractor  
  22  2:41  Overlord x2  
  21  2:44  Drone  
  21  2:49  Queen  
  24  3:01  Queen  
  24  3:02  Drone  
  24  3:03  Drone  
  28  3:08  Drone x2  
  30  3:21  Baneling Nest  
  29  3:33  Drone x2  
  31  3:49  Drone x3  
  31  3:54  Zergling x4  
  35  4:24  Hatchery  
  35  4:25  Baneling x3  
  35  4:26  Baneling  
  34  4:47  Zergling x4  
  34  4:48  Zergling x4  
  37  5:10  Lair  
  37  5:17  Roach Warren  
  37  5:19  Zergling x4  
  37  5:20  Zergling x2  
  37  5:21  Zergling x2  
  40  5:43  Drone  
  40  5:44  Drone x5  
  40  5:45  Drone  
  42  6:26  Zergling x8  
  42  6:27  Zergling x10  
  49  6:35  Centrifical Hooks  
  49  6:36  Hydralisk Den, Glial Reconstitution  
  48  6:46  Drone  
  48  6:47  Drone  
  50  6:49  Overlord x2  
  50  6:50  Overlord  
  47  7:12  Hydralisk, Roach x5  
  47  7:13  Hydralisk x2, Roach x2  
  59  7:19  Queen  
  55  7:28  Extractor  
  47  7:37  Queen  
  47  7:40  Drone x3  
  47  7:41  Drone x3  
  49  7:54  Queen  
  48  8:06  Drone  
  48  8:07  Drone x2  
  48  8:10  Drone x3  
  48  8:11  Drone  
  48  8:12  Drone x5  
  60  8:14  Overlord x3  
  60  8:36  Roach x2  
  60  8:37  Roach  
  60  8:40  Overlord  
Show
View Real Time Build Order
Export as new Build Order

RAFFAL Zerg - Winner!

Build Orders: Hatch First 

Get SALT Encoding   

  12  0:03  Drone  
  13  0:42  Drone  
  14  0:43  Hatchery  
  14  0:45  Overlord  
  14  0:48  Drone  
  15  1:04  Drone  
  15  1:16  Drone x2  
  17  1:24  Spawning Pool  
  16  1:27  Drone  
  17  1:37  Drone  
  18  1:41  Extractor  
  17  1:55  Drone  
  19  2:08  Drone x3  
  19  2:12  Overlord  
  19  2:14  Queen  
  23  2:15  Queen  
  25  2:24  Spine Crawler  
  24  2:31  Drone x3  
  27  2:42  Extractor  
  25  2:54  Drone x4  
  25  2:55  Drone  
  30  3:04  Extractor  
  29  3:20  Lair  
  29  3:33  Zergling x10  
  29  3:34  Zergling x4  
  36  3:36  Roach Warren, Overlord x2  
  35  3:49  Metabolic Boost  
  35  4:06  Drone x2  
  35  4:07  Drone x5  
  35  4:08  Drone  
  43  4:25  Roach  
  43  4:26  Roach x2  
  49  4:40  Roach  
  44  5:07  Roach  
  44  5:08  Roach x3  
  52  5:18  Glial Reconstitution  
  52  5:39  Overlord x5  
  52  5:40  Spire  
  51  5:59  Roach x5  
  51  6:00  Roach x2  
  65  6:15  Roach x2  
  68  6:26  Queen  
  68  6:36  Roach x4  
  76  6:58  Drone x5  
  73  7:11  Mutalisk  
  73  7:12  Mutalisk  
  73  7:18  Mutalisk x4  
  77  7:42  Mutalisk x4  
  63  8:09  Hatchery  
  63  8:11  Extractor  
  61  8:58  Hatchery  
Tags
 
Add a new tag
Caveats
  • Supply blocks, unpowered buildings, or Contaminate may cause inaccurate times.
  • Supply counts are checked every 10 seconds.